 Dungeon Crawl Stone Soup version 0.29-a0-1008-g949cc1d0fb (webtiles) character file.

Game seed: 9752726835834005716

72 Klosterheim the Chopper (level 4, 0/35 HPs)
             Began as a Palentonga Warper on Aug 7, 2022.
             Slain by a kobold
             ... wielding a +0 vampiric short sword
              (3 damage)
             ... on level 3 of the Dungeon.
             The game lasted 00:08:30 (3070 turns).

Klosterheim the Chopper (Palentonga Warper)         Turns: 3070, Time: 00:08:31

Health: 0/35       AC:  4    Str: 16    XL:     4   Next: 7%
Magic:  5/7        EV:  9    Int: 16    God:
Gold:   184        SH:  0    Dex:  9    Spells: 5/7 levels left

rFire   . . .      SeeInvis +   m - +0 war axe
rCold   . . .      Faith    .   (no shield)
rNeg    . . .      Spirit   .   b - +0 leather armour
rPois   .          Reflect  .   (no helmet)
rElec   .          Harm     .   (no cloak)
rCorr   .          Rampage  .   (no gloves)
Will    .....                   (no barding)
Stlth   +.........              (no amulet)
HPRegen 0.11/turn               (no ring)
MPRegen 0.10/turn               (no ring)

@: on blink cooldown
A: large, rugged brown scales 3, see invisible, deformed body, roll 1, armoured
tail
a: Rolling Charge


You were on level 3 of the Dungeon.
You visited 1 branch of the dungeon, and saw 3 of its levels.

You collected 184 gold pieces.

Inventory:

Hand Weapons
 m - a +0 war axe (weapon)
Missiles
 d - 7 boomerangs of dispersal (quivered)
 n - 5 boomerangs
Armour
 b - a +0 leather armour (worn)
Jewellery
 a - a ring of positive energy
Scrolls
 c - a scroll of blinking
 g - 2 scrolls of amnesia {unknown}
 h - 2 scrolls of poison {unknown}
 i - a scroll of identify
 j - a scroll of fog {unknown}
 k - a scroll of noise {unknown}
 o - a scroll of acquirement {unknown}
Potions
 e - a potion of flight
 f - a potion of might
 q - a potion of invisibility {unknown}


   Skills:
 - Level 2.0 Fighting
 * Level 3.9 Axes
 - Level 1.0 Throwing
 - Level 1.0 Armour
 - Level 2.0 Dodging
 - Level 2.0 Spellcasting
 - Level 3.0 Translocations


You had 5 spell levels left.
You knew the following spells:

 Your Spells              Type           Power      Damage    Failure   Level
a - Blink                 Tloc           22%        N/A       11%         2

Your spell library contained the following spells:

 Spells                   Type           Power      Damage    Failure   Level
 Gell's Gravitas          Tloc           11%        N/A       22%         3
 Lesser Beckoning         Tloc           11%        N/A       22%         3
 Teleport Other           Tloc           11%        N/A       22%         3
 Manifold Assault         Tloc           11%        N/A       90%         5


Dungeon Overview and Level Annotations

Branches:
Dungeon (3/15)

Altars:
Zin

Shops:
D:2 =


Innate Abilities, Weirdness & Mutations

You are completely covered in rugged brown scales. (AC +3, +7% HP)
You have supernaturally acute eyesight. (SInv)
Armour fits poorly on your strangely shaped body.
You can roll at nearby foes to attack.
You have a long armoured tail.


Message History

You miss the adder. The adder bites you.
The adder bites you but does no damage.
You miss the adder. The adder bites you but does no damage.
A kobold comes into view.
It is wielding a +0 vampiric short sword.
The adder barely misses you.
You barely miss the adder.
The kobold shouts!
The adder barely misses you. x2
You hit the adder.
The adder is moderately wounded.
The adder bites you but does no damage. The adder bites you.
You are poisoned.
The adder poisons you!
You barely miss the adder.
The adder is moderately wounded.
You feel sick. The adder bites you.
You closely miss the adder.
The adder is moderately wounded.
You feel sick. The adder bites you.
* * * LOW HITPOINT WARNING * * *
The adder closely misses you.
You barely miss the adder.
The adder is moderately wounded.
You feel sick. The adder bites you but does no damage.
The adder barely misses you.
You slash the adder!
You kill the adder!
You feel sick.
You are no longer poisoned.
You have reached level 4!
You feel clever.
Casting: Blink (safe; 11% risk of failure)
Confirm with . or Enter, or press ? or * to list all spells.
You blink.
The kobold hits you with a +0 vampiric short sword.
* * * LOW HITPOINT WARNING * * *
The ball python closely misses you. The kobold attacks as you move away!
The kobold hits you with a +0 vampiric short sword.
You die...

###.##...###.# #
#.##...# #.#.#.# #
#.##†..# #.#.#.# #
#.##...# #§#.#.+
###.##...# #†#...#
.##.###### #.#...#
.##.#
######.#...###+###
.##.#
#.$....o.K........
..). ..........S@..#
.##.#.#.....#####.##
....# #..... .#
.#..# #..... .. ##.
###### ### ###.#
....# ###.#


You could see an orc, a ball python and a kobold.

Vanquished Creatures
  2 adders (D:3)
  An ufetubus (D:3)
  2 worms (D:2)
  A dart slug (D:2)
  4 ball pythons
  5 endoplasms
  2 giant cockroaches (D:1)
  4 goblins
  4 hobgoblins
  4 quokkas
  4 bats
  A frilled lizard (D:1)
  4 kobolds
  3 rats
41 creatures vanquished.

Notes
Turn   | Place    | Note
-------+----------+-------------------------------------------
     0 | D:1      | Klosterheim the Palentonga Warper began the quest for the
                  | Orb.
     0 | D:1      | Reached XP level 1. HP: 17/17 MP: 3/3
   381 | D:1      | Reached skill level 1 in Armour
   530 | D:1      | Reached XP level 2. HP: 19/23 MP: 5/5
   788 | D:1      | Reached skill level 1 in Throwing
  1123 | D:1      | Found a faded altar of an unknown god.
  1855 | D:2      | Reached XP level 3. HP: 25/28 MP: 6/6
  2343 | D:2      | Found Jiehedye's Jewellery Boutique.
  2363 | D:2      | Learned a level 2 spell: Blink
  2842 | D:3      | Found a glowing silver altar of Zin.
  3066 | D:3      | Reached XP level 4. HP: 4/35 MP: 7/7
  3070 | D:3      | Slain by a kobold

Illustrated notes

Levels and vault maps discovered:
D:1:      minmay_arrival_doors, layout_loops_ring,
          shapermc_ecumenical_altar_hornbeckon
D:2:      layout_loops_cross, serial_shops, nicolae_shop_hallway_stairs,
          amcnicky_mini_pool_small, skrybe_limestone_x
D:3:      cheibrodos_pilgrimage, layout_basic, lemuel_round_altar,
          lemuel_doored_altar, mainiacjoe_overflow_tiny_flanked

Skill      XL: |  1  2 |
---------------+-------+-----
Armour         | 1 |  1.0
Throwing       | 1 |  1.0
Dodging        | 2 |  2.0
Axes           | 3 |  3.9
Fighting       | |  2.0
Spellcasting   | |  2.0
Translocations | |  3.0

Action                   |  1- 3 |  4- 6 || total
-------------------------+-------+-------++-------
Melee: Hand axe          |    86 |       ||    86
       Tailslap          |     9 |       ||     9
       Punch             |     1 |       ||     1
       War axe           |    52 |       ||    52
 Cast: Blink             |     1 |     1 ||     2
 Abil: Rolling Charge    |    15 |       ||    15
  Use: Scroll            |     3 |       ||     3
       Potion            |     3 |       ||     3
Armor: Leather armour    |    56 |       ||    56
Dodge: Dodged            |    64 |     1 ||    65

Table legend: (Time is in decaauts)
 A = Elapsed time spent in this place.
 B = Non-inter-level travel time spent in this place.
 C = Inter-level travel time spent in this place.
 D = Time resting spent in this place.
 E = Time spent auto-exploring this place.
 F = Levels seen in this place.
 G = Mean time per level.
                   A        B        C        D        E       F      G
               +--------+--------+--------+--------+--------+-----+--------+
         Total |   3092 |   2999 |     93 |    802 |   1753 |   3 | 1030.7 |
       Dungeon |   3092 |   2999 |     93 |    802 |   1753 |   3 | 1030.7 |
               +--------+--------+--------+--------+--------+-----+--------+

Top non-repeatable levels by time:
     D:1: 1572 daAuts
     D:2: 1214 daAuts
     D:3: 305 daAuts
